 Dungeon Sprint DCSS version 0.18-a0-1784-ga939a68 (webtiles) character file.

14906 Kidiri the Fighter (level 12, -2/127 HPs)
             Began as a Naga Fighter on Apr 18, 2016.
             Was the Champion of Cheibriados.
             Blown up by an eye of devastation (41 damage)
             ... with a bolt of energy
             ... in the Dungeon (Sprint V: "Ziggurat Sprint").
             The game lasted 00:07:15 (893 turns).

Kidiri the Fighter (Naga Fighter)                    Turns: 893, Time: 00:07:16

Health: -2/127     AC: 33    Str: 53    XL:     12   Next: 21%
Magic:  2/19       EV: 10    Int: 23    God:    Cheibriados [******]
Gold:   0          SH: 35    Dex: 26    Spells: 0 memorised, 11 levels left

rFire  + . .     SeeInvis +     n - +6 shillelagh "Devastator" {shatter}
rCold  . . .     Gourm    .     l - +15 Maxwell's patent armour {-Cast -Tele rElec MR+ rCorr}
rNeg   + . .     Faith    .     m - +18 shield of the gong {rElec rN+ MR+ EV-5}
rPois  +         Spirit   .     (helmet restricted)
rElec  +         Dismiss  .     L - +1 cloak {+Inv}
rCorr  +         Reflect  .     (no gloves)
SustAt .         Harm     .     (no barding)
MR     ++++.     Rnd*Rage +     (no amulet)
Stlth  .......... NoTele   +    G - +6 ring of strength NoCast +
                                F - +6 ring of strength

@: very slow, incredibly resistant to hostile enchantments, extremely unstealthy
A: horns 1, slimy green scales 1, thin skeletal structure 1, see invisible,
berserk 1, clumsy 1, deformed body, fire resistance 1, magic resistance 1,
poison resistance, slowness 2, slow metabolism 1, spit poison 2, strong 1,
subdued magic 1, AC +4
a: Spit Poison, Bend Time, Temporal Distortion, Slouch, Step From Time, Renounce
Religion, Evoke Invisibility


You were in the Dungeon.
You worshipped Cheibriados.
Cheibriados was exalted by your worship.
You were hungry.

You visited 1 branch

Inventory:

Hand Weapons
 n - the +6 shillelagh "Devastator" (weapon) {shatter}
   (You found it in the Dungeon)
Armour
 l - the +15 Maxwell's patent armour (worn) {-Cast -Tele rElec MR+ rCorr}
   (You found it in the Dungeon)

   It insulates you from electricity.
   It affects your resistance to hostile enchantments.
   It prevents spellcasting.
   It prevents most forms of teleportation.
   It protects you from acid and corrosion.
 m - the +18 shield of the gong (worn) {rElec rN+ MR+ EV-5}
   (You found it in the Dungeon)

   It affects your evasion (-5).
   It insulates you from electricity.
   It protects you from negative energy.
   It affects your resistance to hostile enchantments.
 L - a +1 cloak of invisibility (worn)
Jewellery
 v - a +2 ring of protection
 B - an uncursed ring of protection from magic
 C - the ring of the Doge {rC+ rN+ MR- Str-2 Int+5}
   (You found it in the Dungeon)

   [ring of protection from cold]

   It affects your strength (-2).
   It affects your intelligence (+5).
   It protects you from cold.
   It protects you from negative energy.
   It affects your resistance to hostile enchantments.
 F - a +6 ring of strength (left hand)
 G - a +6 ring of strength (right hand)
 K - an uncursed ring of protection from magic
Wands
 x - a wand of disintegration (7/24)
 y - a wand of iceblast (5/15)
 z - a wand of lightning (5/15)
 A - a wand of acid (5/15)
Scrolls
 c - 4 scrolls of amnesia
 h - 3 scrolls of recharging
 j - 7 scrolls of fog
 k - 4 scrolls of blinking
 o - a scroll of holy word
 p - 2 scrolls of identify
 q - 5 scrolls of remove curse
 r - 2 scrolls of fear
 D - a scroll of brand weapon
Potions
 d - 6 potions of might
 e - 10 potions of curing
 g - 8 potions of heal wounds
 i - 7 potions of magic
 s - 2 potions of brilliance
 t - 2 potions of invisibility
 u - 4 potions of resistance
 w - 5 potions of agility
Miscellaneous
 E - a plain deck of defence {the Cloud}
 H - a plain deck of wonders {the Alchemist}
 J - a plain deck of destruction {Venom}
Comestibles
 a - 42 fruits
 b - 4 meat rations
 f - 5 bread rations
 I - 12 chunks of flesh


   Skills:
 * Level 13.8 Fighting
 * Level 13.7 Maces & Flails
 * Level 12.0 Armour
 + Level 8.3 Dodging
 * Level 11.9 Shields
 - Level 10.1 Invocations
 + Level 2.4 Evocations


You had 11 spell levels left.
You didn't know any spells.

Dungeon Overview and Level Annotations

Branches:
Dungeon (1/1)

Altars:
Ashenzari
Cheibriados
Dithmenos
Elyvilon
Fedhas
Gozag
Kikubaaqudgha
Makhleb
Nemelex Xobeh
Okawaru
Pakellas
Qazlal
Ru
Sif Muna
Trog
Vehumet
Xom
Yredelemnul
Zin
The Shining One
Beogh
Jiyva
Lugonu


Innate Abilities, Weirdness & Mutations

You cannot wear boots.
Your serpentine skin is tough (AC +4).
You have supernaturally acute eyesight.
Armour fits poorly on your strangely shaped body.
Your system is resistant to poisons.
You cover ground very slowly.
You have a slow metabolism.
You can spit poison.
You have a pair of small horns on your head.
You are partially covered in slimy green scales (AC +2).
You have a somewhat thin skeletal structure (Dex +2, Stealth).
You tend to lose your temper in combat.
You are clumsy. (Dex -2)
Your flesh is heat resistant.
You are resistant to hostile enchantments.
Your muscles are strong. (Str +2)
Your spells are a little easier to cast, but a little less powerful.


Message History

The eye of devastation gazes at you. The bolt of energy hits you!
The eye of devastation gazes at you. The bolt of energy hits you!
* * * LOW HITPOINT WARNING * * *
Drink which item? (? for menu, Esc to quit)
You feel much better. The eye of devastation gazes at you.
The bolt of energy misses you.
Unknown command.
You hit the eye of devastation.
The eyes of devastation shudder.
The eye of devastation is lightly wounded.
Unknown command.
You sock the eye of devastation!
The eyes of devastation shudder.
The eye of devastation is heavily wounded.
The eye of devastation is moderately wounded.
The eye of devastation is heavily wounded.
The eye of devastation gazes at you. The bolt of energy hits you!
You die...

▓...8©8...▓...8©8...▓
▓...[.[=..▓..|)})|..▓
▓...::.=..▓...|.[}..▓
▓.........▓.........▓
▓.........▓.........▓
▓.........▓.........▓
▓...G.....▓...÷.....▓
▓....G....▓.........▓
▓...@.....▓.........▓
▓.........▓▓▓▓▓▓▓▓▓▓▓
▓▓▓▓▓▓▓▓▓▓▓


You could see 2 eyes of devastation.

Vanquished Creatures
  An azure jelly (D)
  A death ooze (D)
  2 mummy priests (D)
  A hydra (D)
  A fire crab (shapeshifter) (D)
  3 deep elf archers (D)
  An anubis guard (D)
  2 deep elf magi (D)
  An orc sorcerer (D)
  5 ugly things (D)
  2 shining eyes (D)
  A spiny frog (shapeshifter) (D)
  A komodo dragon (D)
  2 guardian mummies (D)
  A jumping spider (D)
  A slime creature (D)
  A polar bear (shapeshifter) (D)
  5 starcursed masses (D)
  A fire bat (shapeshifter) (D)
  A basilisk (D)
  2 yaks (D)
  A hog (shapeshifter) (D)
  2 neqoxecs (D)
  A water moccasin (shapeshifter) (D)
  A black bear (shapeshifter) (D)
  An eye of draining (shapeshifter) (D)
  A tengu (shapeshifter) (D)
  An eye of draining (D)
  2 wolves (D)
  A giant frog (D)
  An earth elemental (D)
  3 scorpions (D)
  A jelly (D)
  A quasit (D)
  An iron imp (D)
  An iguana (D)
  4 sheep (D)
  A mummy (D)
  A shadow imp (D)
  A white imp (D)
  An ooze (D)
  2 jackals (D)
65 creatures vanquished.

Vanquished Creatures (others)
  2 azure jellies (D)
  A death ooze (D)
  Josephine (D)
  Sonja (D)
  A spatial maelstrom (D)
  A jelly (D)
7 creatures vanquished.

Grand Total: 72 creatures vanquished

Notes
Turn   | Place    | Note
--------------------------------------------------------------
     0 | D        | Kidiri the Naga Fighter began the quest for the Orb.
     0 | D        | Reached XP level 1. HP: 21/21 MP: 1/1
     0 | D        | Found a viscous altar of Jiyva.
     0 | D        | Found a roughly hewn altar of Beogh.
     0 | D        | Found a corrupted altar of Lugonu.
     0 | D        | Found a white marble altar of Elyvilon.
     0 | D        | Found a sparkling altar of Nemelex Xobeh.
     7 | D        | Became a worshipper of Cheibriados the Contemplative
     8 | D        | Killed Josephine
    10 | D        | Found a deep blue altar of Sif Muna.
    10 | D        | Found a bloodstained altar of Trog.
    10 | D        | Found a burning altar of Makhleb.
    10 | D        | Found an iron altar of Okawaru.
    10 | D        | Banished a spatial maelstrom
    16 | D        | Found a radiant altar of Vehumet.
    49 | D        | Found a shimmering altar of Xom.
    69 | D        | Reached skill level 1 in Dodging
    69 | D        | Reached XP level 2. HP: 31/31 MP: 1/3
    93 | D        | Entered arena 1.
    93 | D        | Noticed a centaur
    93 | D        | Noticed a naga
    93 | D        | Noticed a fire bat
    93 | D        | a centaur changed into a fire bat
    93 | D        | Noticed a tengu
    93 | D        | a naga changed into a tengu
    98 | D        | Killed a tengu
    98 | D        | Reached skill level 5 in Fighting
    98 | D        | Reached XP level 3. HP: 38/39 MP: 3/5
    98 | D        | Reached XP level 4. HP: 45/46 MP: 3/6
   102 | D        | Killed a fire bat
   102 | D        | Reached * piety under Cheibriados
   102 | D        | Reached skill level 5 in Armour
   102 | D        | Reached skill level 5 in Shields
   102 | D        | Reached XP level 5. HP: 56/56 MP: 3/8
   102 | D        | Reached XP level 6. HP: 63/63 MP: 3/9
   106 | D        | Gained mutation: You tend to lose your temper in combat. [mutagenic meat]
   111 | D        | Gained mutation: Your muscles are strong. (Str +2) [mutagenic meat]
   112 | D        | Gained mutation: You are resistant to hostile enchantments. [mutagenic meat]
   146 | D        | Entered arena 2.
   146 | D        | Noticed a deep elf archer
   146 | D        | Noticed a deep elf archer
   146 | D        | Noticed a deep elf mage
   149 | D        | Noticed a red devil
   152 | D        | Killed a deep elf mage
   152 | D        | Reached skill level 5 in Invocations
   152 | D        | Reached XP level 7. HP: 52/73 MP: 10/10
   158 | D        | Killed a deep elf archer
   158 | D        | Reached ** piety under Cheibriados
   158 | D        | Reached XP level 8. HP: 59/82 MP: 10/12
   169 | D        | Killed a deep elf archer
   169 | D        | Reached skill level 5 in Dodging
   323 | D        | Entered arena 3.
   323 | D        | Noticed a jumping spider
   324 | D        | Reached XP level 9. HP: 91/91 MP: 13/13
   326 | D        | Reached *** piety under Cheibriados
   331 | D        | Killed a jumping spider
   348 | D        | Entered arena 4.
   348 | D        | Noticed an orc sorcerer
   348 | D        | Noticed a deep elf mage
   348 | D        | Noticed a deep elf archer
   349 | D        | Noticed a rust devil
   350 | D        | Identified the +3 short sword of Battle {flame, MR+++ Str+7 Int-2}
   352 | D        | Killed an orc sorcerer
   352 | D        | Reached skill level 10 in Fighting
   352 | D        | Reached skill level 10 in Maces & Flails
   360 | D        | Killed a deep elf mage
   360 | D        | Reached **** piety under Cheibriados
   360 | D        | Killed a deep elf archer
   360 | D        | Reached XP level 10. HP: 82/103 MP: 15/15
   411 | D        | Entered arena 5.
   411 | D        | Noticed a starcursed mass
   413 | D        | Reached ***** piety under Cheibriados
   417 | D        | Killed a starcursed mass
   417 | D        | Killed a starcursed mass
   417 | D        | Killed a starcursed mass
   419 | D        | Killed a starcursed mass
   541 | D        | Entered arena 6.
   541 | D        | Noticed a mummy priest
   541 | D        | Noticed a mummy priest
   541 | D        | Noticed an anubis guard
   543 | D        | Killed an anubis guard
   546 | D        | Noticed a sixfirhy
   546 | D        | Noticed a soul eater
   546 | D        | Noticed a shadow wraith
   546 | D        | Killed a mummy priest
   546 | D        | Reached skill level 10 in Armour
   546 | D        | Reached skill level 10 in Shields
   547 | D        | Killed a mummy priest
   579 | D        | Got the ring of the Doge {rC+ rN+ MR- Str-2 Int+5}
   614 | D        | Entered arena 7.
   614 | D        | Noticed a shining eye
   614 | D        | Noticed a spiny frog
   614 | D        | Noticed a purple ugly thing
   615 | D        | Reached XP level 11. HP: 113/114 MP: 17/17
   617 | D        | Killed a purple ugly thing
   619 | D        | Killed a shining eye
   622 | D        | Gained mutation: You are robust (+10% HP). [mutagenic meat]
   636 | D        | Killed Sonja
   662 | D        | Entered arena 8.
   662 | D        | Noticed a six-headed hydra
   663 | D        | Reached ****** piety under Cheibriados
   667 | D        | Killed a six-headed hydra
   740 | D        | Entered arena 9.
   795 | D        | Entered arena 10.
   795 | D        | Noticed a white ugly thing
   795 | D        | Noticed a purple ugly thing
   795 | D        | Noticed a fire crab
   795 | D        | Noticed a green ugly thing
   795 | D        | Noticed a green ugly thing
   797 | D        | Killed a purple ugly thing
   797 | D        | Killed a green ugly thing
   799 | D        | Killed a fire crab
   799 | D        | Reached skill level 10 in Invocations
   799 | D        | Killed a purple ugly thing
   801 | D        | Killed a white ugly thing
   823 | D        | Gained mutation: You have a somewhat thin skeletal structure (Dex +2, Stealth). [mutagenic meat]
   824 | D        | Gained mutation: Your spells are a little easier to cast, but a little less powerful. [mutagenic meat]
   829 | D        | Gained mutation: Your flesh is heat resistant. [mutagenic meat]
   830 | D        | Gained mutation: You are partially covered in slimy green scales (AC +2). [mutagenic meat]
   831 | D        | Gained mutation: You have a pair of small horns on your head. [mutagenic meat]
   832 | D        | Lost mutation: You are robust (+10% HP). [mutagenic meat]
   842 | D        | Killed a death ooze
   846 | D        | Killed an azure jelly
   858 | D        | Killed an azure jelly
   874 | D        | Entered arena 11.
   874 | D        | Noticed an azure jelly
   879 | D        | Noticed a death ooze
   879 | D        | Killed an azure jelly
   879 | D        | Reached skill level 1 in Evocations
   879 | D        | Reached XP level 12. HP: 96/126 MP: 0/19
   884 | D        | Killed a death ooze
   887 | D        | Gained mutation: You are clumsy. (Dex -2) [a shining eye]
   893 | D        | Blown up by an eye of devastation

Vault maps used:
D:        sprint_v

Skill      XL: |  1  2  3  4  5  6  7  8  9 10 11 12 |
---------------+-------------------------------------+-----
Fighting       | 4 5 6 7 8 9 10 11 13 | 13.8
Maces & Flails | 3 4 6 7 8 9 10 11 13 | 13.7
Armour         | 3 4 5 6 7 9 10 11 12 | 12.0
Dodging        | 1 2 3 4 5 6 8 |  8.3
Shields        | 3 4 5 6 7 9 10 11 | 11.9
Invocations    | 2 3 4 5 6 7 9 10 | 10.1
Evocations     | 1 2 |  2.4

Action                   |  1- 3 |  4- 6 |  7- 9 | 10-12 || total
-------------------------+-------+-------+-------+-------++-------
Melee: Shillelagh        |     4 |     6 |    18 |    53 ||    81
       Headbutt          |       |       |       |     3 ||     3
Invok: Slouch            |       |       |       |    12 ||    12
 Abil: Spit Poison       |     1 |     1 |     1 |       ||     3
  Use: Potion            |     1 |       |     1 |     1 ||     3
       Scroll            |       |       |       |     3 ||     3
  Eat: Chunk             |       |     3 |       |    14 ||    17
Armor: Plate armour      |     3 |     5 |     8 |    25 ||    41
Dodge: Dodged            |     1 |     1 |     4 |    13 ||    19
Block: Shield            |     5 |    17 |    30 |    77 ||   129
